Map: Traitor's Exile

Players

Frrenzy - Winner!

  • Race: Protoss Protoss
  • Spawn Location: 9:00

PureLegacy - Winner!

  • Race: Terran Terran
  • Spawn Location: 12:00

OwnEd

  • Race: Terran Terran
  • Spawn Location: 5:00

newbie

  • Race: Zerg Zerg
  • League: Master
  • Spawn Location: 6:00

VOD

Have the link to the VOD?

Description

Time

  • Played on: Nov. 28, 2018, 8:47 a.m.
  • Length: 7:41
Show
View Real Time Build Order
Export as new Build Order

Frrenzy Protoss - Winner!

Build Orders:  

Get SALT Encoding   

  12  0:00  Probe  
  13  0:12  Probe  
  14  0:25  Probe, Pylon  
  15  0:41  Probe  
  15  0:44  Gateway  
  15  0:49  Probe  
  16  0:52  Assimilator  
  17  0:57  Probe  
  18  1:09  Probe  
  19  1:22  Probe  
  20  1:36  Cybernetics Core  
  20  1:48  Nexus  
  20  1:54  Probe  
  21  1:57  Assimilator  
  21  1:58  Pylon  
  21  2:06  Stalker, Probe  
  22  2:14  Warp Gate  
  22  2:18  Probe  
  25  2:28  Stalker  
  25  2:30  Probe  
  28  2:42  Probe  
  29  2:54  Probe  
  30  2:58  Shield Battery  
  30  3:00  Probe  
  31  3:06  Probe  
  31  3:08  Probe  
  33  3:13  Stargate  
  33  3:17  Probe  
  33  3:18  Probe  
  34  3:25  Probe  
  35  3:30  Probe  
  35  3:33  Probe  
  37  3:40  Pylon  
  38  3:41  Assimilator  
  38  3:43  Probe  
  38  3:44  Probe  
  38  3:45  Assimilator  
  40  3:51  Stargate  
  40  3:55  Probe, Pylon  
  41  3:56  Probe  
  42  4:05  Void Ray  
  42  4:07  Probe  
  42  4:08  Probe  
  48  4:12  Protoss Air Weapons Level 1  
  48  4:27  Probe x2  
  48  4:29  Pylon  
  50  4:32  Pylon  
  50  4:34  Forge  
  50  4:39  Void Ray  
  54  4:54  Void Ray  
  58  5:08  Photon Cannon  
  58  5:10  Photon Cannon  
  58  5:11  Shield Battery  
  58  5:14  Pylon  
  58  5:17  Protoss Shields Level 1  
  58  5:18  Probe x2  
  60  5:24  Pylon  
  60  5:30  Probe  
  60  5:33  Void Ray  
  66  5:35  Probe  
  66  5:44  Void Ray  
  69  6:12  Fleet Beacon  
  69  6:14  Nexus  
  69  6:15  Pylon  
  69  6:21  Probe x2  
  71  6:29  Probe x2  
  71  6:38  Probe x2  
  73  6:40  Photon Cannon  
  75  6:49  Probe x2  
  77  6:57  Probe x2  
  83  7:05  Probe x2  
  87  7:16  Probe  
  87  7:17  Probe  
  89  7:28  Probe  
  89  7:29  Probe  
  91  7:31  Adept  
Show
View Real Time Build Order
Export as new Build Order

PureLegacy Terran - Winner!

Build Orders:  

Get SALT Encoding   

  12  0:00  SCV  
  13  0:13  SCV  
  14  0:19  Supply Depot  
  14  0:30  SCV  
  14  0:32  Refinery  
  15  0:42  SCV  
  16  0:46  Barracks  
  16  0:54  SCV  
  17  1:07  Barracks  
  17  1:19  Barracks  
  17  1:23  SCV  
  18  1:33  Reaper  
  19  1:41  Orbital Command  
  19  1:48  Refinery  
  19  1:55  Reaper  
  19  1:59  Supply Depot  
  20  2:07  Reaper  
  21  2:10  Reaper  
  21  2:14  SCV  
  23  2:32  Reaper  
  23  2:33  SCV  
  23  2:34  Supply Depot  
  25  2:40  Reaper  
  26  2:45  SCV  
  26  2:48  Reaper  
  28  2:57  SCV  
  29  3:04  Reaper  
  30  3:09  SCV  
  30  3:12  Reaper  
  32  3:29  Reaper  
  32  3:32  Command Center  
  33  3:36  Reaper  
  34  3:44  Reaper  
  33  3:51  SCV  
  33  3:54  Supply Depot, Barracks  
  34  3:56  Barracks  
  34  4:01  Reaper  
  35  4:03  SCV  
  36  4:10  Reaper  
  36  4:15  SCV  
  38  4:17  Reaper  
  39  4:27  SCV  
  40  4:37  Reaper  
  40  4:46  Reaper x3  
  40  4:48  Orbital Command  
  40  4:49  SCV  
  40  4:52  Reaper  
  45  5:01  Refinery  
  45  5:04  Refinery  
  45  5:13  Reaper  
  46  5:14  SCV  
  46  5:15  SCV  
  46  5:17  Supply Depot  
  46  5:18  Reaper  
  49  5:22  Reaper  
  49  5:23  Reaper  
  49  5:27  SCV x2  
  53  5:41  Reaper  
  53  5:43  SCV x2  
  53  5:45  Reaper  
  56  5:51  Barracks, Supply Depot  
  56  5:52  Barracks  
  56  5:53  Barracks  
  56  5:56  Reaper  
  57  5:58  SCV x2  
  57  6:01  Reaper  
  57  6:02  Reaper  
  61  6:10  SCV  
  62  6:13  Reaper  
  62  6:17  Reaper  
  55  6:19  SCV  
  55  6:22  SCV  
  57  6:28  Reaper  
  58  6:33  Reaper  
  59  6:42  Reaper x2  
  59  6:45  Reaper  
  59  6:46  SCV  
  59  6:47  Reaper, SCV  
  65  6:59  Reaper x2  
  65  7:00  Reaper  
  69  7:16  Engineering Bay  
  69  7:17  Command Center  
  69  7:24  Supply Depot, Engineering Bay  
  69  7:25  SCV x2  
Show
View Real Time Build Order
Export as new Build Order

OwnEd Terran 

Build Orders: Reaper Expand 

Get SALT Encoding   

  12  0:00  SCV  
  13  0:14  SCV  
  14  0:21  Supply Depot  
  14  0:27  SCV  
  15  0:43  SCV  
  15  0:45  Barracks  
  15  0:47  Refinery  
  16  0:55  SCV  
  17  1:07  SCV  
  18  1:19  SCV  
  19  1:32  Reaper  
  20  1:34  Orbital Command  
  20  1:43  Command Center  
  20  1:51  Supply Depot  
  20  2:01  SCV  
  21  2:04  Marine  
  22  2:14  Refinery, SCV  
  23  2:21  Factory  
  22  2:33  Barracks Tech Lab  
  22  2:38  Barracks  
  22  2:39  SCV  
  22  2:53  Marauder  
  23  3:02  Orbital Command  
  17  3:06  Hellion  
  16  3:16  Marauder  
  14  3:32  Hellion  
  3  4:00  SCV x2  
  5  4:12  SCV x2  
  7  4:18  Hellion  
  9  4:24  Marauder  
  9  4:31  SCV  
  12  4:32  SCV  
  13  4:39  Widow Mine  
  13  4:43  Orbital Command  
  13  4:44  SCV  
  16  4:48  Marauder  
  18  4:56  SCV  
  19  5:00  Widow Mine  
  21  5:09  SCV  
  21  5:10  SCV  
  21  5:13  Marine  
  24  5:21  SCV  
  24  5:22  SCV  
  24  5:24  Engineering Bay  
  26  5:44  SCV  
  26  5:45  SCV  
  28  5:53  Missile Turret  
  28  5:55  Missile Turret  
  28  5:57  SCV x2  
  30  6:00  Barracks  
  30  6:02  Barracks  
  26  6:18  SCV x2  
  28  6:30  SCV x2  
  30  6:33  Marine  
  31  6:42  SCV x2  
  33  6:50  Starport  
  33  6:51  Marine x2  
  33  6:52  Marine  
  36  6:59  Widow Mine  
  36  7:00  SCV x2  
  40  7:09  Marine  
  41  7:16  Marine x2  
  44  7:33  Factory Reactor  
  46  7:39  Supply Depot  
Show
View Real Time Build Order
Export as new Build Order

newbie Zerg 

Build Orders: Pool First 

Get SALT Encoding   

  12  0:02  Drone  
  13  0:13  Overlord  
  13  0:19  Drone  
  14  0:23  Extractor  
  14  0:24  Drone  
  15  0:32  Drone  
  16  0:35  Drone  
  17  0:47  Drone  
  18  0:51  Spawning Pool  
  17  0:58  Drone  
  18  1:07  Drone  
  19  1:14  Extractor  
  18  1:21  Hatchery  
  17  1:26  Drone  
  17  1:29  Drone  
  19  1:38  Queen  
  21  1:40  Zergling x2  
  22  1:51  Overlord  
  22  2:15  Queen  
  22  2:18  Metabolic Boost  
  22  2:20  Drone x2  
  26  2:31  Drone  
  26  2:33  Queen  
  26  2:36  Drone x2  
  31  2:51  Zergling x8  
  33  2:52  Overlord  
  35  3:08  Drone  
  36  3:22  Overlord x2  
  35  3:28  Zergling x2  
  33  3:35  Zergling x6  
  33  3:37  Zergling x2  
  36  3:43  Drone x2  
  36  3:44  Drone  
  36  3:45  Zergling x8  
  43  4:09  Zergling x4  
  45  4:10  Drone  
  45  4:11  Drone  
  45  4:13  Lair  
  45  4:16  Drone x2  
  45  4:17  Drone, Evolution Chamber  
  50  4:18  Zergling x6  
  52  4:28  Overlord x2, Extractor  
  44  4:48  Zerg Ground Armor Level 1  
  44  4:50  Drone x4  
  44  4:51  Evolution Chamber  
  44  4:52  Zergling x6  
  50  4:57  Drone x3  
  53  5:06  Zergling x4  
  55  5:15  Zergling x4  
  55  5:19  Hatchery  
  56  5:21  Zerg Melee Weapons Level 1  
  56  5:22  Overlord  
  56  5:23  Overseer  
  56  5:25  Pneumatized Carapace  
  56  5:27  Zergling x4  
  53  5:38  Zergling x6  
  53  5:39  Zergling x6  
  56  5:45  Zergling x2  
  56  5:49  Drone  
  58  5:58  Extractor  
  58  6:02  Extractor  
  58  6:03  Drone x2  
  58  6:04  Drone  
  59  6:05  Drone x3  
  60  6:17  Zergling x2  
  60  6:18  Zergling x2  
  56  6:24  Drone x2  
  58  6:26  Zergling x10  
  58  6:27  Zergling x2  
  58  6:31  Overseer  
  64  6:35  Drone x2  
  64  6:36  Drone  
  67  6:40  Hydralisk Den  
  67  6:43  Zergling x2  
  67  6:47  Drone x2  
  67  6:58  Zergling x8  
  67  6:59  Zergling x2  
  67  7:00  Queen  
  41  7:21  Zergling x14  
  45  7:26  Drone x2  
Tags
 
Add a new tag
Caveats
  • Supply blocks, unpowered buildings, or Contaminate may cause inaccurate times.
  • Supply counts are checked every 10 seconds.